 Dungeon Crawl Stone Soup version 0.31-a0-1447-g87ca8d402b (webtiles) character file.

Game seed: 6404276714428122610

593 jasper the Cleaver (level 7, 0/135 HPs)
             Began as a Hill Orc Fighter on Dec 28, 2023.
             Succumbed to Ijyb's poison
             ... on level 4 of the Dungeon.
             The game lasted 00:04:58 (2488 turns).

jasper the Cleaver (Hill Orc Fighter)               Turns: 2488, Time: 00:04:58

Health: 0/135      AC: 23    Str: 21    XL:     7   Next: 39%
Magic:  7/7        EV:  2    Int:  8    God:
Gold:   229        SH:  8    Dex: 10    Spells: 6/6 levels left

rFire   . . .        g - +2 broad axe
rCold   . . .        n - +0 kite shield
rNeg    . . .        l - melded +0 chain mail
rPois   +            (helmet currently unavailable)
rElec   .            (cloak currently unavailable)
rCorr   .            (gloves currently unavailable)
SInv    .            q - melded +0 pair of boots
Will    .....        (no amulet) Stlth
                     (no ring)
HPRegen 0.42/turn    (no ring)
MPRegen 0.10/turn

%: no passive effects
@: berserking, lethally poisoned (0 -> -7), tree-form, attractive, hasted, very
quick
A: stationary, stasis, torment immunity, boosted hp
a: no special abilities


You were on level 4 of the Dungeon.
You were a tree.
You visited 1 branch of the dungeon, and saw 4 of its levels.

You collected 229 gold pieces.

Inventory:

Hand Weapons
 a - a +1 war axe
 g - a +2 broad axe (weapon)
Missiles
 j - 10 stones (quivered)
 s - 3 boomerangs
Armour
 b - a +0 scale mail
 c - a +0 buckler
 l - a +0 chain mail (melded)
 n - a +0 kite shield (worn)
 q - a +0 pair of boots (melded)
Scrolls
 h - a scroll of fog
 r - a scroll of enchant weapon
Potions
 d - a potion of might
 e - 2 potions of mutation
 f - 2 potions of berserk rage
 i - 2 potions of attraction
 m - a potion of haste
 p - a potion of lignification


   Skills:
 + Level 4.7 Fighting
 * Level 8.7 Axes
 + Level 4.3 Armour
 + Level 4.3 Shields


You had 6 spell levels left.
You didn't know any spells.
Your spell library contained the following spells:

 Spells                   Type           Power      Damage    Failure   Level
 Sublimation of Blood     Necr           0%         N/A       83%         2
 Petrify                  Alch/Erth      0%         N/A       100%        4
 Irradiate                Conj/Alch      0%         3d11      100%        5


Dungeon Overview and Level Annotations

Branches:
Dungeon (4/15)
 Temple: D:4-7

Altars:

Shops:
D:2 (

Annotations:
D:4 Ijyb


Message History

It was a potion of haste.
You feel yourself speed up.
* * * LOW HITPOINT WARNING * * *
You feel sick. You block Ijyb's attack.
You take 2 damage, and have 6/90 hp.
It was a potion of ambrosia.
You are confused.
You feel invigorated.
You feel sick.
You regained 3 hp, and now have 9/90 hp.
It was a potion of curing.
You feel better.
You feel less invigorated.
Ijyb zaps a wand.
You suddenly lose the ability to move!
Ijyb hits you but does no damage.
You are poisoned.
You feel very sick. Ijyb hits you but does no damage.
You are lethally poisoned!
* * * LOW HITPOINT WARNING * * *
You feel very sick. Ijyb hits you but does no damage.
* * * LOW HITPOINT WARNING * * *
You feel very sick.
Ijyb hits you with a +3 dagger of venom.
* * * LOW HITPOINT WARNING * * *
You can move again.
Unknown command.
You take 6 damage, and have 3/90 hp.
Unknown command.
Unknown command.
A red film seems to cover your vision as you go berserk!
You feel yourself moving faster!
You feel mighty!
* * * LOW HITPOINT WARNING * * *
You feel sick. Ijyb hits you but does no damage.
You now have 4/135 hp.
You closely miss Ijyb.
Ijyb is severely wounded.
* * * LOW HITPOINT WARNING * * *
You feel sick. You block Ijyb's attack.
You take 2 damage, and have 2/135 hp.
You closely miss Ijyb.
Ijyb is severely wounded.
You die...

...##..... .........#
.........# ........#
.........# ............#
.........# ............#
..##..... $..... .....# .
#...#. ...... #....# ...
#..†..
......##..g.##.....##.....
.........♣...............)
.......$..........♣#.P..♣#
..................~~.~~.~~
........>.......P~~.~~.~~~
................)~~~≈~≈~~~
###+####........P~.~~~≈~~.
.......#.........♣~~.~~~.~
.......#...........~~.~~~~
.......+...............P..


You could see Ijyb.

Vanquished Creatures
  Menkaure (D:4)
  A phantom (D:4)
  A scorpion (D:4)
  3 bombardier beetles
  A hound (D:4)
  An orc priest (D:3)
  Natasha (thrice) (D:2)
  An orc wizard (D:3)
  3 adders (D:4)
  2 dart slugs
  An orc (D:3)
  3 ball pythons
  5 bats
  6 endoplasms
  2 giant cockroaches (D:1)
  5 hobgoblins
  4 quokkas
  5 frilled lizards
  15 goblins
  8 kobolds
  7 rats
78 creatures vanquished.

Notes
Turn   | Place    | Note
-------+----------+-------------------------------------------
     0 | D:1      | jasper the Hill Orc Fighter began the quest for the Orb.
     0 | D:1      | Reached XP level 1. HP: 19/19 MP: 1/1
    53 | D:1      | Reached skill level 3 in Axes
    74 | D:1      | Reached XP level 2. HP: 21/26 MP: 2/2
   181 | D:1      | Reached skill level 4 in Axes
   453 | D:1      | You fall into a shaft and drop 1 floor!
   493 | D:2      | Reached XP level 3. HP: 28/31 MP: 3/3
   848 | D:2      | Found Wiwkur's Antique Weapon Emporium.
   851 | D:2      | Noticed Natasha
   857 | D:2      | Reached skill level 5 in Axes
   857 | D:2      | Killed Natasha
   858 | D:2      | Reached XP level 4. HP: 26/39 MP: 4/4
   982 | D:2      | Noticed Natasha
   993 | D:2      | Killed Natasha
   994 | D:2      | Reached skill level 6 in Axes
  1107 | D:2      | Noticed Natasha
  1124 | D:2      | Killed Natasha
  1125 | D:2      | Reached XP level 5. HP: 26/45 MP: 5/5
  1406 | D:3      | Reached skill level 7 in Axes
  1510 | D:3      | Reached XP level 6. HP: 48/52 MP: 6/6
  2031 | D:4      | Reached skill level 8 in Axes
  2176 | D:4      | Noticed Menkaure
  2181 | D:4      | Killed Menkaure
  2182 | D:4      | Reached XP level 7. HP: 32/60 MP: 7/7
  2458 | D:4      | Noticed Ijyb
  2458 | D:4      | Paralysed by Ijyb for 4 turns
  2465 | D:4      | Paralysed by Ijyb for 5 turns
  2474 | D:4      | Paralysed by Ijyb for 3 turns
  2481 | D:4      | Paralysed by Ijyb for 4 turns
  2485 | D:4      | HP: 3/90 [Ijyb/+3 dagger of venom (3)]
  2488 | D:4      | Succumbed to Ijyb's poison

Illustrated notes

Levels and vault maps discovered:
D:1:      dpeg_arrival_lava_altar, layout_basic
D:2:      layout_rooms, serial_shops, nicolae_shop_peninsula, chequers_jeans,
          minivault_25, uniq_natasha
D:3:      layout_rooms, st_stairs_5, minmay_distorted
D:4:      cheibrodos_greedy_goblins, layout_gridville, grunt_decor_fettered,
          serial_bayou_pond_b, uniq_ijyb, uniq_menkaure

Skill      XL: |  1  2  3  4  5  6 |
---------------+-------------------+-----
Axes           | 3 4 5 6 7 8 |  8.7
Fighting       | 4 |  4.7
Armour         | 4 |  4.3
Shields        | 4 |  4.3

Action                     |  1- 3 |  4- 6 |  7- 9 || total
---------------------------+-------+-------+-------++-------
  Melee: War axe           |    90 |    45 |       ||   135
         Broad axe         |       |    52 |    38 ||    90
  Throw: Stone             |       |     4 |       ||     4
    Use: Scroll            |     4 |     6 |       ||    10
         Potion            |       |     1 |     6 ||     7
 Armour: Scale mail        |    22 |       |       ||    22
         Chain mail        |    51 |    90 |    26 ||   167
         Skin              |       |       |     6 ||     6
  Dodge: Dodged            |    31 |    22 |     4 ||    57
  Block: Buckler           |    19 |     2 |       ||    21
         Kite shield       |       |    37 |    18 ||    55

Table legend: (Time is in decaauts)
 A = Elapsed time spent in this place.
 B = Non-inter-level travel time spent in this place.
 C = Inter-level travel time spent in this place.
 D = Time resting spent in this place.
 E = Time spent auto-exploring this place.
 F = Levels seen in this place.
 G = Mean time per level.
                   A        B        C        D        E       F      G
               +--------+--------+--------+--------+--------+-----+--------+
         Total |   2573 |   2533 |     40 |    122 |   1638 |   4 |  643.2 |
       Dungeon |   2573 |   2533 |     40 |    122 |   1638 |   4 |  643.2 |
               +--------+--------+--------+--------+--------+-----+--------+

Top non-repeatable levels by time:
     D:4: 720 daAuts
     D:2: 708 daAuts
     D:1: 672 daAuts
     D:3: 471 daAuts
